 Dungeon Crawl Stone Soup version 0.30-a0-778-g2ef04afb54 (webtiles) character file.

Game seed: 14260101477262064128

300744 Gargoyl the Peltast (level 21, -9/199 (210) HPs)
             Began as a Gargoyle Berserker on Feb 14, 2023.
             Was a High Priest of Trog.
             Killed from afar by a tengu reaver (16 damage)
             ... with a bolt of negative energy
             ... on level 5 of the Vaults on Feb 15, 2023.
             The game lasted 01:07:11 (42559 turns).

Gargoyl the Peltast (Gargoyle Berserker)           Turns: 42559, Time: 01:07:11

HP:   -9/199 (210)  AC: 42    Str: 26    XL:     21   Next: 38%
MP:   0/12          EV: 25    Int: 10    God:    Trog [*****.]
Gold: 1209          SH: 23    Dex: 17    Spells: 20/20 levels left

rFire   . . .      SeeInvis +    A - +4 broad axe (elec)
rCold   . . .      Faith    .    s - +2 kite shield
rNeg    + . .      Spirit   .    F - +3 plate armour "Vaestroimi" {+Inv Regen+ MP-9 Dex+4}
rPois   ∞          Reflect  +    Z - +0 helmet {SInv}
rElec   +          Harm     .    T - +2 cloak
rCorr   .          Rampage  .    M - +2 pair of gloves {infuse}
Will    +++..                    (no boots) Stlth
                                 U - amulet of reflection
HPRegen 2.33/turn                m - +5 ring of evasion
MPRegen 0.13/turn                w - +5 ring of evasion

@: berserking, strong-willed, corroded, flying, regenerating, drained, very
quick
A: sickness immunity, AC +16, big wings, negative energy resistance 1,
electricity resistance, torment resistance 1, petrification resistance, mutation
resistance 1, passive freeze
}: 1/15 runes: decaying
a: Renounce Religion, Evoke Invisibility, Berserk, Trog's Hand, Brothers in Arms


You were on level 5 of the Vaults.
You worshipped Trog.
Trog was extremely pleased with you.
You visited 5 branches of the dungeon, and saw 31 of its levels.
You visited the Abyss 2 times.
You also visited: Gauntlet and Ice Cave.

You collected 3612 gold pieces.
You spent 2403 gold pieces at shops.

Inventory:

Hand Weapons
 a - the +8 hand axe of the Evening {antimagic, *Rage rN+ Will+ rCorr}
   (Trog gifted it to you on level 4 of the Vaults)

   rN:        It protects you from negative energy.
   *Rage:     It berserks you when you make melee attacks (+20% chance).
   rCorr:     It protects you from acid and corrosion.
   Will:      It increases your willpower.
 v - a +1 broad axe of flaming
 y - a +1 vampiric spear
 A - a +4 broad axe of electrocution (weapon)
 Q - a +2 great sword of holy wrath
Missiles
 l - 24 poisoned darts
 n - 10 curare-tipped darts (quivered)
Armour
 s - a +2 kite shield (worn)
 D - +4 acid dragon scales
 E - +0 fire dragon scales
 F - the +3 plate armour "Vaestroimi" (worn) {+Inv Regen+ MP-9 Dex+4}
   (You bought it in a shop on level 2 of the Orcish Mines)

   Dex:       It affects your dexterity (+4).
   MP:        It affects your magic capacity (-9).
   +Inv:      It lets you turn invisible.
   Regen:     It increases your rate of health regeneration.
 K - +0 ice dragon scales
 M - a +2 pair of gloves of infusion (worn)
 T - a +2 cloak (worn)
 Z - a +0 helmet of see invisible (worn)
Jewellery
 m - a +5 ring of evasion (left hand)
 q - a ring of positive energy
 t - a +4 ring of protection
 w - a +5 ring of evasion (right hand)
 G - a ring of protection from cold
 I - a ring of protection from fire
 O - a ring of see invisible
 R - an amulet of faith
 S - a ring of willpower
 U - an amulet of reflection (around neck)
 V - a +4 ring of slaying
Wands
 b - a wand of roots (53)
 o - a wand of digging (14)
 r - a wand of acid (19)
 u - a wand of mindburst (28)
 B - a wand of flame (97)
 N - a wand of charming (43)
 P - a wand of polymorph (7)
Scrolls
 c - 12 scrolls of identify
 d - 3 scrolls of poison
 e - 5 scrolls of fear
 f - 9 scrolls of fog
 j - a scroll of silence
 H - a scroll of brand weapon
 J - a scroll of enchant armour
 Y - a scroll of blinking
Potions
 g - 4 potions of ambrosia
 h - 10 potions of haste
 i - 4 potions of magic
 k - 9 potions of curing
 p - a potion of heal wounds
 x - 3 potions of might
 C - 3 potions of mutation
 L - 5 potions of cancellation
 W - a potion of resistance
 X - 2 potions of invisibility


   Skills:
 + Level 17.9 Fighting
 - Level 15.9(16.0) Axes
 + Level 1.0(10.4) Polearms
 + Level 0.8 Throwing
 * Level 17.6 Armour
 * Level 15.3 Dodging
 + Level 4.5 Stealth
 + Level 20.3 Shields


You had 20 spell levels left.
You didn't know any spells.
Your spell library was empty.

Dungeon Overview and Level Annotations

Branches:
Dungeon (15/15)            Temple (0/1) D:6            Lair (5/5) D:8
  Swamp (4/4) Lair:2       Spider (0/4) Lair:3        Slime (0/5) Lair:5
    Orc (2/2) D:11            Elf (0/3) Orc:2        Vaults (5/5) D:14
  Crypt (0/3) Vaults:2     Depths (0/4) D:15          IceCv (visited)
Gauntlet (visited)

Altars:
Ashenzari
Dithmenos
Gozag
Vehumet
Wu Jian
Xom
Jiyva

Shops:
D:8 *   D:9 =   Orc:2 *[(=   Vaults:2 [*(*

Portals:
Trove: D:15 (give +6 demon blade)

Annotations:
Lair:3 1 exclusion
Vaults:5 Jory


Innate Abilities, Weirdness & Mutations

You are immune to sickness and miasma.
Your stone body is resilient. (AC +16)
You are immune to poison.
Your large and strong wings let you fly.
You resist negative energy. (rN+)
You are resistant to electric shocks. (rElec)
You are resistant to unholy torment.
You are immune to petrification.
You are somewhat resistant to further mutation.
A frigid envelope surrounds you and freezes all who hurt you.


Message History

Unknown command.
You hit the vault warden.
Lightning courses through the vault warden!
You feel the power of Trog in you as your rage grows.
You kill the vault warden!
Trog accepts your kill.
Trog appreciates your killing of a magic user.
You slash the yaktaur!
You kill the yaktaur!
Trog accepts your kill.
You slice the vault warden!!
Lightning courses through the vault warden!
You block the vault warden's attack.
The shadow dragon breathes negative energy at you.
The bolt of negative energy hits you!! You partially resist.
You feel drained.
* * * LOW HITPOINT WARNING * * *
The vault sentinel shoots a bolt.
You reflect the bolt off an invisible shield around you!
The bolt hits the vault sentinel!
The yaktaur captain shoots a bolt.
The bolt hits you!
* * * LOW HITPOINT WARNING * * *
Unknown command.
You hit the vault warden but do no damage.
Lightning courses through the vault warden!
You kill the vault warden!
Trog accepts your kill.
Trog appreciates your killing of a magic user.
The runic seals fade away.
The deep troll earth mage points at you and mumbles some strange words.
You shatter!!
* * * LOW HITPOINT WARNING * * *
The vault sentinel shoots a bolt.
You reflect the bolt off an invisible shield around you!
The bolt barely misses the vault sentinel.
The yaktaur captain shoots a bolt.
You reflect the bolt off an invisible shield around you!
The bolt barely misses the yaktaur captain.
The tengu reaver casts a spell at you. The bolt of negative energy hits you!
You partially resist.
You feel drained.
You die...

#....# .... .
#...c# #.... #.
#....##....
##.#.(..#.C.#
........[.D#
##........#####
.....<<.)......
....<.)@)......
....p<<))......
...cQT......$..
##........#####
...D.......
...#....#...
...#....#..##
.. #....#...


You could see 2 shadow dragons, a titan, a tengu reaver, 2 yaktaur captains, a
vault sentinel and a deep troll earth mage.

Vanquished Creatures
  A bone dragon (Abyss:2)
  A tentacled monstrosity (Abyss:2)
  The ghost of Zac Ekhlo the Brawler, an adept TrFi of Okawaru (Swamp:1)
  Rupert (D:15)
  A lich (Abyss:2)
  A titan (Vaults:4)
  2 sphinxes (Vaults:4)
  5 tentacled starspawn (Abyss:2)
  2 storm dragons
  A thorn hunter (Swamp:2)
  A shadow dragon (Vaults:4)
  2 fenstrider witches
  A fire giant (Vaults:4)
  19 vault wardens
  3 deep elf sorcerers
  2 orc warlords (Orc:2)
  A reaper (IceCv)
  24 ironbound preservers
  2 stone giants
  3 war gargoyles (Vaults:4)
  11 very ugly things
  6 eleionomae
  A deep elf demonologist (Abyss:2)
  8 ironbound thunderhulks
  A minotaur (Gauntlet)
  3 bunyips
  The ghost of Mandevil the Skirmisher, a journeyman HuHu of Hepliaklqana (Lair:5)
  7 dire elephants (Vaults:1)
  3 crystal guardians (Vaults:4)
  2 eidola (Vaults:2)
  Snorg (D:13)
  2 ettins (Vaults:4)
  3 entropy weavers
  8 great orbs of eyes
  5 fire dragons
  13 yaktaur captains
  18 hydras
  The ghost of Kis the Slicer, a journeyman DrIE (D:12)
  35 vault guards
  5 ironbound frosthearts
  7 boulder beetles
  4 peacekeepers (Vaults:4)
  A death knight (D:13)
  4 ghost crabs
  6 death yaks (Lair:5)
  6 two-headed ogres
  9 alligators
  4 catoblepae
  24 centaur warriors
  4 hell hogs (Abyss:2)
  4 tengu warriors
  6 thrashing horrors (Abyss:2)
  6 orc high priests
  2 vampire magi
  A sun demon (Abyss:2)
  5 wretched stars
  2 fire crabs
  2 goliath frogs (Swamp:4)
  A deep elf knight (D:12)
  Lodul (D:11)
  A death drake (Swamp:4)
  2 skeletal warriors
  2 skysharks (Lair:2)
  2 obsidian statues (IceCv)
  7 swamp dragons
  36 deep trolls
  5 bog bodies
  2 spriggan druids
  A glowing orange brain (shapeshifter) (Abyss:2)
  8 large abominations (Abyss:2)
  18 lindwurms
  A necromancer (Vaults:3)
  6 orc knights
  2 deep elf pyromancers (D:13)
  18 ironbound convokers
  4 wizards
  2 phantasmal warriors (Vaults:4)
  2 will-o-the-wisps
  4 orc sorcerers
  19 ugly things
  3 wolf spiders
  An oklob plant (Lair:5)
  5 cyclopes
  An elf zombie (Vaults:3)
  2 worldbinders (Abyss:2)
  10 elephants
  3 manticores
  A moth of wrath (shapeshifter) (Vaults:4)
  10 vault sentinels
  A smoke demon (Abyss:2)
  2 gargoyles (D:12)
  7 black mambas
  A guardian serpent (Lair:5)
  2 torpor snails
  14 cane toads
  A centaur skeleton (Abyss:2)
  45 yaktaurs
  10 komodo dragons
  5 rime drakes
  3 unseen horrors (D:13)
  Maggie (D:6)
  2 kobold demonologists (D:10)
  2 ice devils (IceCv)
  4 golden dragon simulacra (IceCv)
  12 freezing wraiths
  2 efreet
  A queen bee (shapeshifter) (D:15)
  6 trolls
  A merfolk (shapeshifter) (D:14)
  7 hornets
  6 polar bears
  11 tyrant leeches
  A hellwing (Abyss:2)
  A snapping turtle (shapeshifter) (D:15)
  7 raiju (Abyss:2)
  3 blink frogs (Lair:1)
  2 dream sheep (Lair:3)
  A dream sheep (shapeshifter) (Vaults:4)
  A culicivora (Lair:3)
  A shadow (D:11)
  39 slime creatures
  An ettin skeleton (Vaults:3)
  2 jumping spiders (Lair:3)
  2 vampires
  4 spriggans (Swamp:1)
  A dire elephant simulacrum (IceCv)
  A ynoxinul (Abyss:2)
  3 wraiths
  47 yaks
  5 basilisks
  10 wyverns
  A fire elemental (D:14)
  6 steam dragons
  6 vampire mosquitoes
  6 redbacks
  8 small abominations
  Menkaure (D:7)
  13 swamp worms
  6 acid dragons
  3 wargs
  2 hydra simulacra (IceCv)
  2 hell hounds (Abyss:2)
  18 water moccasins
  36 orc warriors
  4 black bears
  A sky beast (D:7)
  5 ettin simulacra (IceCv)
  10 swamp drakes
  19 ogres
  7 wolves
  6 centaurs
  3 kobold brigands
  A necrophage (D:6)
  4 bullfrogs
  2 scorpions (D:6)
  A deep troll simulacrum (IceCv)
  A human skeleton (Vaults:3)
  10 wights
  19 killer bees
  A lindwurm simulacrum (IceCv)
  4 electric eels (Lair:5)
  4 howler monkeys
  2 lava snakes
  A jelly (D:5)
  A quasit (Abyss:2)
  A hound (D:5)
  A gnoll bouda (D:6)
  22 orc priests
  An iron imp (Abyss:2)
  20 orc wizards
  6 iguanas
  4 hell rats (Lair:5)
  Robin (D:4)
  A gnoll (D:6)
  9 adders
  A shadow imp (D:6)
  4 white imps
  An ufetubus (D:5)
  2 worms
  2 dart slugs
  101 orcs
  8 bats
  4 endoplasms
  9 giant cockroaches
  11 goblins
  9 hobgoblins
  17 jackals
  10 kobolds
  4 quokkas
  8 ball pythons
  7 frilled lizards
  8 rats
  5 briar patches (Swamp:2)
  2 starspawn tentacles (Abyss:2)
1256 creatures vanquished.

Vanquished Creatures (collateral kills)
  A bone dragon (Abyss:2)
  A thorn hunter (Swamp:4)
  A vault warden (Vaults:4)
  A reaper (IceCv)
  An ironbound thunderhulk (Vaults:4)
  A deep elf annihilator (Vaults:1)
  A crystal guardian (Vaults:4)
  A wolf spider (Lair:1)
  A komodo dragon (Lair:1)
  2 yaktaurs (Vaults:4)
  A tyrant leech (Swamp:4)
  A slime creature (Vaults:4)
  A ynoxinul (D:12)
  A neqoxec (Abyss:2)
  An adder (Lair:1)
16 creatures vanquished.

Vanquished Creatures (others)
  An ironbound preserver (Vaults:5)
  A bunyip (Swamp:2)
  An ettin (Vaults:5)
  A vault guard (Vaults:1)
  A yaktaur captain (Vaults:2)
  A two-headed ogre (D:13)
  A shadow wraith (Vaults:5)
  A wizard (Vaults:4)
  An elephant (Lair:5)
  3 bloated husks
  2 steam dragons (Swamp:4)
  2 swamp drakes (Swamp:4)
  A centaur (D:13)
  2 orc wizards
  2 gnolls (D:6)
  An orc (Orc:2)
  9 bushes
  A fire vortex (D:14)
  4 foxfires (Swamp:4)
  70 fungi
  A lurking horror (Abyss:2)
  171 plants
  8 starspawn tentacles (Abyss:2)
286 creatures vanquished.

Grand Total: 1558 creatures vanquished

Notes
Turn   | Place    | Note
-------+----------+-------------------------------------------
     0 | D:1      | Gargoyl the Gargoyle Berserker began the quest for the Orb.
     0 | D:1      | Reached XP level 1. HP: 14/14 MP: 1/1
   130 | D:1      | Reached XP level 2. HP: 19/19 MP: 2/2
   254 | D:1      | Reached ** piety under Trog
   306 | D:1      | Reached XP level 3. HP: 22/24 MP: 3/3
   913 | D:2      | Reached XP level 4. HP: 27/29 MP: 4/4
  1419 | D:3      | Reached *** piety under Trog
  1420 | D:3      | Reached XP level 5. HP: 34/34 MP: 5/5
  1510 | D:3      | Gained mutation: Your spells are a little harder to cast,
                  | but a little more powerful. [potion of mutation]
  1510 | D:3      | Gained mutation: Your muscles are strong. (Str +4, Int/Dex
                  | -1) [potion of mutation]
  2059 | D:3      | Identified the +1 dagger "Maovot" {heavy, *Corrode rElec
                  | rF+++ Int-3}
  2565 | D:4      | Reached XP level 6. HP: 39/39 MP: 6/6
  2651 | D:4      | Noticed Robin
  2660 | D:4      | Noticed a black bear
  2667 | D:4      | Killed Robin
  2680 | D:4      | Killed a black bear
  2937 | D:5      | Entered Level 5 of the Dungeon
  2937 | D:5      | Found an opulent altar of Gozag.
  3234 | D:5      | Reached skill level 5 in Axes
  3234 | D:5      | Reached XP level 7. HP: 44/44 MP: 7/7
  3269 | D:5      | Reached skill level 5 in Fighting
  3440 | D:5      | Found a radiant altar of Vehumet.
  3440 | D:5      | Found a broken altar of Ashenzari.
  3674 | D:6      | Upgraded the game from 0.30-a0-777-ga9a30cbeda to
                  | 0.30-a0-778-g2ef04afb54
  3710 | D:6      | Found a staircase to the Ecumenical Temple.
  3775 | D:6      | Reached XP level 8. HP: 47/50 MP: 8/8
  3823 | D:6      | Reached skill level 5 in Armour
  3877 | D:6      | Found an ornate altar of the Wu Jian Council.
  4229 | D:6      | Reached **** piety under Trog
  4231 | D:6      | Noticed Maggie
  4842 | D:6      | Killed Maggie
  4843 | D:6      | Reached XP level 9. HP: 22/56 MP: 9/9
  4973 | D:7      | Noticed Menkaure
  4980 | D:7      | Killed Menkaure
  5202 | D:7      | Reached skill level 1 in Stealth
  5433 | D:7      | You fall into a shaft and drop 2 floors!
  5456 | D:9      | Identified the +1 robe of the Tick {rElec rPois Str+8
                  | Stlth-}
  5889 | D:9      | Found Febrear's Jewellery Shoppe.
  5905 | D:8      | Found a staircase to the Lair.
  5906 | D:8      | Noticed a komodo dragon
  5920 | D:8      | Killed a komodo dragon
  6197 | D:7      | Reached XP level 10. HP: 52/63 MP: 10/10
  6894 | D:8      | Found Ekel's General Store.
  7668 | D:9      | Noticed a two-headed ogre
  7683 | D:9      | Killed a two-headed ogre
  7684 | D:9      | Reached skill level 5 in Dodging
  7841 | Lair:1   | Entered Level 1 of the Lair of Beasts
  7882 | Lair:1   | Noticed a wolf spider
  7885 | Lair:1   | Noticed a wolf spider
  7889 | Lair:1   | Noticed a black mamba
  7921 | Lair:1   | Killed a black mamba
  7922 | Lair:1   | Reached skill level 10 in Axes
  7922 | Lair:1   | Reached skill level 1 in Shields
  7931 | Lair:1   | Killed a wolf spider
  7935 | Lair:1   | Killed a wolf spider
  8084 | Lair:1   | Noticed an elephant
  8096 | Lair:1   | Noticed an elephant
  8097 | Lair:1   | Noticed an elephant
  8102 | Lair:1   | Noticed an elephant
  8135 | Lair:1   | Killed an elephant
  8136 | Lair:1   | Reached XP level 11. HP: 68/68 MP: 11/11
  8458 | Lair:1   | Identified a scroll of acquirement
  8458 | Lair:1   | Acquired a +0 war axe of electrocution
  9391 | Lair:2   | Noticed a skyshark
  9408 | Lair:2   | Killed a skyshark
  9440 | Lair:2   | Noticed a skyshark
  9453 | Lair:2   | Killed a skyshark
  9454 | Lair:2   | Reached skill level 2 in Shields
  9462 | Lair:2   | Reached XP level 12. HP: 59/75 MP: 12/12
  9827 | Lair:2   | Found a staircase to the Swamp.
 10529 | Lair:3   | Found a hole to the Spider Nest.
 11801 | Lair:4   | Found a gate leading to a gauntlet.
 11816 | Gauntlet | Entered a Gauntlet
 11816 | Gauntlet | Found a transporter.
 11824 | Gauntlet | Noticed a green death
 11826 | Gauntlet | Found a transporter.
 11827 | Gauntlet | Found a transporter.
 11850 | Gauntlet | Found a transporter.
 11853 | Gauntlet | Noticed a wretched star
 11901 | Gauntlet | Found a transporter.
 11915 | Gauntlet | Killed a wretched star
 11985 | Gauntlet | Found the +6 lightning scales {swift, rElec}
 11985 | Gauntlet | Noticed a minotaur
 11998 | Gauntlet | Killed a minotaur
 11999 | Gauntlet | Reached skill level 10 in Armour
 12858 | Lair:5   | Entered Level 5 of the Lair of Beasts
 12858 | Lair:5   | Noticed a catoblepas
 12874 | Lair:5   | Killed a catoblepas
 12875 | Lair:5   | Reached skill level 3 in Shields
 12875 | Lair:5   | Reached XP level 13. HP: 80/80 MP: 0/13
 13437 | Lair:5   | Found a runed translucent door.
 13850 | Lair:5   | Reached skill level 4 in Shields
 14281 | Lair:5   | Found a viscous altar of Jiyva.
 14281 | Lair:5   | Found a staircase to the Slime Pits.
 14295 | Lair:5   | Noticed Mandevil's ghost (journeyman HuHu)
 14389 | Lair:5   | Reached skill level 15 in Axes
 14716 | Lair:5   | Reached skill level 5 in Shields
 14883 | Lair:5   | Gained mutation: Your large and strong wings let you fly.
                  | [Gargoyle growth]
 14883 | Lair:5   | Reached XP level 14. HP: 87/87 MP: 9/14
 15929 | Lair:5   | Identified the +2 rapier of Amortisation {drain, Dex+4}
 16350 | Lair:5   | Reached skill level 6 in Shields
 16563 | Lair:5   | Killed Mandevil's ghost
 16798 | D:10     | Entered Level 10 of the Dungeon
 16875 | D:10     | Reached skill level 10 in Fighting
 16905 | D:10     | Found a shadowy altar of Dithmenos.
 17612 | D:11     | Noticed Lodul
 17619 | D:11     | Killed Lodul
 18180 | D:11     | Reached ***** piety under Trog
 18183 | D:11     | Found a staircase to the Orcish Mines.
 18974 | D:12     | Noticed a storm dragon
 18988 | D:12     | Killed a storm dragon
 18989 | D:12     | Reached skill level 7 in Shields
 19132 | D:12     | Reached skill level 10 in Dodging
 19502 | D:12     | Reached XP level 15. HP: 73/93 MP: 12/15
 19583 | D:12     | Noticed Kis's ghost (journeyman DrIE)
 19591 | D:12     | Found a runed translucent door.
 19639 | D:12     | Killed Kis's ghost
 20593 | D:13     | Noticed Snorg
 20600 | D:13     | Killed Snorg
 20667 | D:13     | Reached skill level 1 in Polearms
 20723 | D:13     | Reached skill level 8 in Shields
 21055 | D:14     | Found a gate to the Vaults.
 22337 | D:15     | Entered Level 15 of the Dungeon
 22368 | D:15     | Noticed Rupert
 22386 | D:15     | Killed Rupert
 22387 | D:15     | Reached skill level 9 in Shields
 22685 | D:15     | Found a staircase to the Depths.
 22743 | D:15     | Found a portal to a secret trove of treasure.
 23334 | D:15     | Lost mutation: Your muscles are strong. (Str +4, Int/Dex
                  | -1) [potion of mutation]
 23334 | D:15     | Lost mutation: Your spells are a little harder to cast, but
                  | a little more powerful. [potion of mutation]
 23334 | D:15     | Gained mutation: Your body sometimes deteriorates upon
                  | taking damage. [potion of mutation]
 23334 | D:15     | Lost mutation: Your body sometimes deteriorates upon taking
                  | damage. [potion of mutation]
 23336 | D:15     | Gained mutation: You sometimes lose your temper in combat.
                  | [potion of mutation]
 23336 | D:15     | Gained mutation: Your mind is acute. (Int +4, Str/Dex -1)
                  | [potion of mutation]
 23337 | D:15     | Lost mutation: You sometimes lose your temper in combat.
                  | [potion of mutation]
 23337 | D:15     | Lost mutation: Your mind is acute. (Int +4, Str/Dex -1)
                  | [potion of mutation]
 23337 | D:15     | Gained mutation: A frigid envelope surrounds you and
                  | freezes all who hurt you. [potion of mutation]
 23337 | D:15     | Gained mutation: Your mind is acute. (Int +4, Str/Dex -1)
                  | [potion of mutation]
 23469 | Orc:1    | Entered Level 1 of the Orcish Mines
 23712 | Orc:2    | Entered Level 2 of the Orcish Mines
 23776 | Orc:2    | Found Nerun's Jewellery Emporium.
 23801 | Orc:2    | Reached XP level 16. HP: 101/101 MP: 1/16
 23851 | Orc:2    | Found Ygoblur's Antique Armour Shoppe.
 23854 | Orc:2    | Found a staircase to the Elven Halls.
 23877 | Orc:2    | Bought a glowing cloak for 157 gold pieces
 23877 | Orc:2    | Bought a smelly scale mail for 189 gold pieces
 23877 | Orc:2    | Identified the +1 scale mail of Suisoss {Contam Dex+5} (You
                  | bought it in a shop on level 2 of the Orcish Mines)
 23928 | Orc:2    | Gained mutation: You occasionally lose the ability to drink
                  | potions when taking damage. [a neqoxec]
 24033 | Orc:2    | Bought an amulet of reflection for 420 gold pieces
 24086 | Orc:2    | Reached skill level 10 in Shields
 24581 | Orc:2    | Found Hetaoxua's Antique Weapon Boutique.
 24612 | Orc:1    | Found a shimmering altar of Xom.
 24984 | Orc:2    | Found Cynigahi's General Store.
 24992 | Orc:2    | Bought the +3 plate armour "Vaestroimi" {+Inv Regen+ MP-9
                  | Dex+4} for 622 gold pieces
 24992 | Orc:2    | Bought a scroll of teleportation for 45 gold pieces
 24992 | Orc:2    | Bought a potion of heal wounds for 75 gold pieces
 24992 | Orc:2    | Bought 2 potions of mutation for 240 gold pieces
 25309 | Swamp:1  | Entered Level 1 of the Swamp
 25409 | Swamp:1  | Found a runed translucent door.
 25409 | Swamp:1  | Noticed Zac Ekhlo's ghost (adept TrFi)
 25435 | Swamp:1  | Killed Zac Ekhlo's ghost
 26275 | Swamp:2  | Reached skill level 11 in Shields
 26451 | Swamp:2  | Noticed a thorn hunter
 26468 | Swamp:2  | Killed a thorn hunter
 27069 | Swamp:3  | Identified the +1 robe of Fuplum {Contam Harm rF++ Regen+}
 27120 | Swamp:3  | Found a frozen archway.
 27135 | IceCv    | Entered an ice cave
 28226 | Swamp:3  | Reached skill level 12 in Shields
 28637 | Swamp:3  | Reached XP level 17. HP: 108/108 MP: 0/17
 28849 | Swamp:3  | Paralysed by a fenstrider witch for 4 turns
 29167 | Swamp:4  | Entered Level 4 of the Swamp
 29306 | Swamp:4  | Reached skill level 13 in Shields
 29455 | Swamp:4  | Paralysed by a fenstrider witch for 2 turns
 30295 | Swamp:4  | Got a decaying rune of Zot
 30694 | Vaults:1 | Entered Level 1 of the Vaults
 30965 | Vaults:1 | Reached skill level 14 in Shields
 31162 | Vaults:1 | Received a gift from Trog
 31201 | Abyss:2  | Cast into level 2 of the Abyss (a wizard)
 31390 | Abyss:2  | Noticed a tentacled starspawn
 31398 | Abyss:2  | Killed a tentacled starspawn
 31439 | Abyss:2  | Noticed a bone dragon
 31455 | Abyss:2  | Killed a bone dragon
 31490 | Abyss:2  | Noticed a tentacled starspawn
 31491 | Abyss:2  | Noticed a tentacled starspawn
 31495 | Abyss:2  | Killed a tentacled starspawn
 31496 | Abyss:2  | Reached XP level 18. HP: 116/116 MP: 1/18
 31570 | Abyss:2  | Noticed a tentacled monstrosity
 31591 | Abyss:2  | Killed a tentacled monstrosity
 31609 | Abyss:2  | Reached skill level 15 in Shields
 31622 | Abyss:2  | Noticed a bone dragon
 31650 | Abyss:2  | Killed a bone dragon
 32039 | Abyss:2  | Noticed an Ice Fiend
 32043 | Vaults:1 | Escaped the Abyss
 32249 | Vaults:1 | Reached skill level 15 in Armour
 32500 | Vaults:1 | Reached skill level 16 in Shields
 34014 | Vaults:1 | Reached skill level 15 in Fighting
 34394 | Vaults:2 | Reached XP level 19. HP: 122/124 MP: 1/19
 34704 | Vaults:2 | Found Vidaiw's Weapon Shop.
 34810 | Vaults:2 | Bought a +3 war axe of flaming for 326 gold pieces
 34819 | Vaults:2 | Found Womnih's General Store.
 34847 | Vaults:2 | Reached skill level 17 in Shields
 35038 | Abyss:2  | Cast into level 2 of the Abyss (a wizard)
 35138 | Abyss:2  | Found a corrupted altar of Lugonu.
 35287 | Vaults:2 | Escaped the Abyss
 35418 | Vaults:2 | Found Ylaoxo's General Store.
 35426 | Vaults:2 | Bought a scroll of blinking for 112 gold pieces
 35464 | Vaults:2 | Found Romocite's Antique Armour Shop.
 35471 | Vaults:2 | Bought a runed helmet for 217 gold pieces
 36154 | Vaults:2 | Found a staircase to the Crypt.
 36718 | Vaults:3 | Reached skill level 18 in Shields
 37751 | Vaults:3 | Reached XP level 20. HP: 132/132 MP: 2/20
 38157 | Vaults:3 | Paralysed by a great orb of eyes for 2 turns
 38172 | Vaults:3 | Lost mutation: Your mind is acute. (Int +4, Str/Dex -1)
                  | [potion of mutation]
 38172 | Vaults:3 | Lost mutation: You occasionally lose the ability to drink
                  | potions when taking damage. [potion of mutation]
 38172 | Vaults:3 | Gained mutation: You are somewhat resistant to further
                  | mutation. [potion of mutation]
 38668 | Vaults:4 | Paralysed by a great orb of eyes for 5 turns
 38701 | Vaults:4 | Reached ****** piety under Trog
 39184 | Vaults:4 | Received a gift from Trog
 39311 | Vaults:4 | Reached skill level 19 in Shields
 40525 | Vaults:4 | Reached skill level 15 in Dodging
 41178 | Vaults:5 | Entered Level 5 of the Vaults
 41310 | Vaults:4 | Identified the +8 hand axe of the Evening {antimagic, *Rage
                  | rN+ Will+ rCorr} (Trog gifted it to you on level 4 of the
                  | Vaults)
 41310 | Vaults:4 | Received a gift from Trog
 41313 | Vaults:4 | Reached XP level 21. HP: 132/140 MP: 0/21
 41532 | Vaults:4 | Reached skill level 20 in Shields
 41825 | Vaults:5 | Noticed Jory
 42559 | Vaults:5 | HP: 7/205 [deep troll earth mage/Lee's Rapid Deconstruction
                  | (28)]
 42559 | Vaults:5 | Killed from afar by a tengu reaver

Illustrated notes

Levels and vault maps discovered:
D:1:      ebering_trefoil_twist, layout_basic, minmay_misc_feat_roman
D:2:      layout_basic
D:3:      layout_rooms, hangedman_decor_lopped
D:4:      layout_loops_ring, uniq_robin
D:5:      layout_basic, gammafunk_temple_overflow_pools,
          mainiacjoe_overflow_tiny_flanked
D:6:      layout_basic, nicolae_wu_jian_wuxing_cycle,
          minmay_temple_entry_sparse_star, amcnicky_mini_rare_corridor_liquid,
          uniq_maggie
D:7:      layout_gridville, serial_rivers, chequers_serial_rivers_micro_b,
          chequers_serial_rivers_micro_e, chequers_serial_rivers_micro_c,
          chequers_serial_rivers_room_a, chequers_serial_rivers_small_a,
          uniq_menkaure
D:8:      layout_basic, david_lair_shrubbed, serial_glass, glass_columns_a,
          glass_columns_b, glass_columns_a, glass_columns_c, glass_columns_a,
          glass_columns_a, serial_shops, shop, serial_park_tiny_1
D:9:      layout_basic, serial_shops, shop
D:10:     layout_loops_ring, mainiacjoe_overflow_small_starburst
D:11:     layout_loops_corners, hiddenorc2_lemuel, uniq_lodul
D:12:     layout_loops_ring, hellmonk_ghost_big_iron, minmay_evil_grid
D:13:     layout_loops_ring, serial_glass, glass_columns_b, glass_columns_a,
          feat_on_display, feat_on_display, due_unseen_surprise,
          feat_on_display, nicolae_wand_duel, serial_bayou_pond_a, uniq_snorg
D:14:     layout_cave_pools, lightli_vaults_fourway_checkpoint,
          kennysheep_doodads, kennysheep_big_empty_room,
          minmay_fractal_squares_gapless_7
D:15:     grunt_enter_depths_giant_problem, layout_cross, enter_trove_1,
          uniq_rupert
Lair:1:   minmay_lair_venomous_thicket, layout_cellular_growth,
          grunt_megastairs_1, infiniplex_staircase_pool_2, lemuel_fruit_tree
Lair:2:   layout_big_grid, minmay_swamp_entry_worms,
          chequers_serial_rivers_small_b, grunt_megastairs_4,
          lemuel_fruit_fields
Lair:3:   layout_cave_pods, spider_nest_entry_funnel_web
Lair:4:   layout_concentric_octagons, gauntlet_entry_generic
Lair:5:   hangedman_lair_tendril_chambers, layout_loops_ring,
          guppyfry_lair_end_dragon, slime_entry_1, serial_bayou,
          serial_bayou_pond_e, serial_bayou_lake_a, serial_bayou_crossing,
          serial_bayou_pond_d, gammafunk_ghost_grave, st_stairs_13,
          minmay_lair_oklob_bushes, minivault_11
Swamp:1:  layout_basic_swamp, hellmonk_ghost_happy_afterlife,
          evilmike_swamp_ruin_house_4, infiniplex_staircase_pool
Swamp:2:  layout_falls_marsh, hangedman_swamp_ruin_wall, swamp_pool1
Swamp:3:  layout_falls_marsh, portal_ice_cave_entry_pillars_four,
          evilmike_swamp_ruin_wall, swamp_pool1
Swamp:4:  swamp_fiery, layout_basic_swamp
Orc:1:    layout_diamond_mine, basic_altar
Orc:2:    grunt_orc_gardens, layout_caves, grunt_orc_garden, grunt_orc_garden,
          grunt_orc_garden, grunt_orc_garden
Vaults:1: grunt_vaults_hallway_long, nicolae_vaults_hallways_thing,
          v_alt_pattern_4, st_cells, vaults_room_pools, v_pattern_3,
          nicolae_vaults_border_crossing, nicolae_vaults_network_s,
          vaults_mumra_chevron, nicolae_vaults_network_periphery,
          nicolae_vaults_theta, layout_vaults_ring
Vaults:2: ontoclasm_vaults_pinch, st_squares, v_misc_26, vaults_mumra_minichess,
          ontoclasm_vaults_hangar, hangedman_vaults_maws,
          hangedman_vaults_stream, v_rooms_5, v_misc_25,
          hangedman_vaults_corner_blocks, ontoclasm_vaults_idyll,
          hangedman_vaults_corner_blocks, v_rooms_3,
          minmay_crypt_entry_simple_round, vaults_dpeg_diagonal,
          vaults_room_semicircle, layout_vaults_maze_bifur, serial_shops,
          nicolae_shop_statue_plus, nicolae_shop_behind_doors, shop, shop,
          uniq_margery
Vaults:3: v_pattern_1, v_rooms_1, ontoclasm_vaults_loading_screen,
          hangedman_vaults_capsules, v_misc_2, vaults_dpeg_hooks, v_misc_2,
          hangedman_vaults_trim, layout_vaults_omnigrid
Vaults:4: v_misc_24, nicolae_vaults_theta, grunt_vaults_trifunnel,
          hangedman_vaults_restitches, v_misc_19, v_pattern_5,
          nicolae_vaults_ninety_degrees, hangedman_vaults_maws, v_alt_pattern_2,
          nicolae_vaults_murderbox, nicolae_vaults_gold_heap,
          vaults_dpeg_encased_lava, layout_vaults_omnibox, serial_shops,
          bzr_entry_road
Vaults:5: serial_shops, uniq_jory

Skill      XL: |  1  2  3  4  5  6  7  8  9 10 11 12 13 14 15 16 17 18 19 20 21 |
---------------+----------------------------------------------------------------+-----
Axes           | 3 4 5 6 7 9 10 12 14 15 | 15.9
Fighting       | 4 5 6 7 8 9 10 11 12 14 15 16 17 | 17.9
Dodging        | 2 3 4 5 6 7 8 10 11 12 13 14 15 | 15.3
Armour         | 3 4 6 7 8 9 10 11 12 13 14 15 16 17 | 17.6
Stealth        | 1 2 3 4 |  4.5
Shields        | 1 2 3 5 7 9 12 14 16 18 19 20 | 20.3
Polearms       | 1 |  1.0
Throwing       | |  0.8

Action                     |  1- 3 |  4- 6 |  7- 9 | 10-12 | 13-15 | 16-18 | 19-21 || total
---------------------------+-------+-------+-------+-------+-------+-------+-------++-------
  Melee: Hand axe          |   107 |   266 |   426 |   226 |       |       |       ||  1025
         Punch             |       |     2 |     6 |       |       |       |       ||     8
         War axe           |       |       |       |   314 |  1061 |  1049 |       ||  2424
         Spear             |       |       |       |       |    36 |       |       ||    36
         Broad axe         |       |       |       |       |    16 |   222 |   882 ||  1120
  Throw: Dart              |       |       |     2 |     3 |     1 |       |       ||     6
 Invoke: Berserk           |     1 |     4 |     3 |    11 |    18 |    20 |    16 ||    73
         Trog's Hand       |       |     3 |     6 |    15 |    26 |    23 |    11 ||    84
         Brothers in Arms  |       |       |     1 |     1 |     3 |     8 |     3 ||    16
  Evoke: Wand              |       |       |       |       |     2 |       |       ||     2
    Use: Scroll            |       |    13 |     6 |     6 |    21 |     9 |     2 ||    57
         Potion            |       |     1 |     4 |       |    17 |     4 |     3 ||    29
   Stab: Sleeping          |       |       |       |       |     2 |       |       ||     2
         Distracted        |       |       |       |       |     1 |     1 |     1 ||     3
         Confused          |       |       |       |       |       |     1 |       ||     1
 Armour: Animal skin       |     3 |       |       |       |       |       |       ||     3
         Ring mail         |    53 |   121 |    20 |       |       |       |       ||   194
         Chain mail        |       |       |   108 |       |       |       |       ||   108
         Swamp dragon scal |       |       |    98 |    67 |       |       |       ||   165
         Acid dragon scale |       |       |       |   225 |   605 |    33 |       ||   863
         Plate armour      |       |       |       |       |       |   404 |   367 ||   771
         Ice dragon scales |       |       |       |       |       |    58 |       ||    58
  Dodge: Dodged            |    90 |   178 |   432 |   487 |   840 |   706 |   665 ||  3398
  Block: Buckler           |       |       |       |    71 |       |       |       ||    71
         Tower shield      |       |       |       |    57 |   911 |  1468 |   549 ||  2985
         Reflection        |       |       |       |       |       |    38 |    80 ||   118
         Kite shield       |       |       |       |       |       |       |   692 ||   692

Table legend: (Time is in decaauts)
 A = Elapsed time spent in this place.
 B = Non-inter-level travel time spent in this place.
 C = Inter-level travel time spent in this place.
 D = Time resting spent in this place.
 E = Time spent auto-exploring this place.
 F = Levels seen in this place.
 G = Mean time per level.
                   A        B        C        D        E       F      G
               +--------+--------+--------+--------+--------+-----+--------+
         Total |  43100 |  41421 |   1679 |   4042 |  27116 |  35 | 1231.4 |
       Dungeon |  15267 |  14367 |    900 |    625 |  10062 |  15 | 1017.8 |
          Lair |   9034 |   8530 |    504 |    913 |   5606 |   5 | 1806.8 |
         Swamp |   4046 |   3953 |     93 |      6 |   2979 |   4 | 1011.5 |
  Orcish Mines |   1712 |   1665 |     47 |    310 |    811 |   2 |  856.0 |
        Vaults |  10639 |  10507 |    132 |   1560 |   6894 |   5 | 2127.8 |
         Abyss |   1090 |   1090 |      0 |     63 |    547 |   2 |  545.0 |
      Ice Cave |   1094 |   1094 |      0 |    493 |    216 |   1 | 1094.0 |
      Gauntlet |    214 |    214 |      0 |     70 |      0 |   1 |  214.0 |
               +--------+--------+--------+--------+--------+-----+--------+

Top non-repeatable levels by time:
Vaults:4: 4013 daAuts
  Lair:5: 3419 daAuts
Vaults:1: 2423 daAuts
Vaults:2: 2147 daAuts
Vaults:3: 1992 daAuts
  Lair:4: 1725 daAuts
    D:13: 1566 daAuts
  Lair:1: 1520 daAuts
     D:9: 1472 daAuts
    D:12: 1413 daAuts
     D:6: 1290 daAuts
    D:14: 1206 daAuts
 Swamp:4: 1194 daAuts
  Lair:3: 1193 daAuts
  Lair:2: 1175 daAuts
